 Dungeon Crawl Stone Soup version 0.30-b1-2-g02819fbbbe (webtiles) character file.

Game seed: 5097962714470979035

2335 seren the Covered (level 9, -2/79 HPs)
             Began as an Armataur Fighter on Jan 4, 2024.
             Slain by a yak (9 damage)
             ... on level 7 of the Dungeon.
             The game lasted 00:28:39 (6043 turns).

seren the Covered (Armataur Fighter)                Turns: 6043, Time: 00:28:39

Health: -2/79      AC: 12    Str: 30    XL:     9   Next: 19%
Magic:  9/9        EV:  7    Int: 13    God:
Gold:   425        SH: 13    Dex:  9    Spells: 8/8 levels left

rFire   . . .        a - +2 whip (flame)
rCold   . . .        G - +3 buckler {AC+3}
rNeg    . . .        c - +0 chain mail "Naomal" {Str+4 Int+4}
rPois   +            (no helmet)
rElec   .            (no cloak)
rCorr   .            (no gloves)
SInv    .            (no barding)
Will    .....        w - amulet of reflection Stlth
                     p - ring of poison resistance
HPRegen 0.33/turn    (no ring)
MPRegen 0.11/turn

%: reflection, roll
@: no status effects
A: large, rugged brown scales 3, deformed body, armoured tail, roll, long
tongue, awkward tongue
a: no special abilities


You were on level 7 of the Dungeon.
You visited 1 branch of the dungeon, and saw 9 of its levels.

You collected 425 gold pieces.

Inventory:

Hand Weapons
 a - a +2 whip of flaming (weapon)
 l - a +2 dagger of holy wrath
 x - a +1 heavy mace
 A - a +2 dagger of venom
 B - a +0 flail
 F - a +0 vampiric spear
Missiles
 o - 8 poisoned darts (quivered)
 q - 5 curare-tipped darts
 u - 43 stones
 I - a boomerang
Armour
 b - a +0 scale mail
 c - the +0 chain mail "Naomal" (worn) {Str+4 Int+4}
   (You found it on level 9 of the Dungeon)

   Str:       It affects your strength (+4).
   Int:       It affects your intelligence (+4).
 j - a +0 chain mail
 E - a +0 plate armour
 G - a +3 buckler of protection (worn)
Jewellery
 p - a ring of poison resistance (left hand)
 w - an amulet of reflection (around neck)
Wands
 D - a wand of mindburst (25)
Scrolls
 e - a scroll of summoning
 i - a scroll of enchant armour
 k - 2 scrolls of noise
 n - a scroll of vulnerability {unknown}
 r - a scroll of enchant weapon
 s - a scroll of teleportation {unknown}
 v - a scroll of blinking
 y - 2 scrolls of fog
 H - a scroll of magic mapping
Potions
 t - 2 potions of degeneration
 J - 2 potions of attraction


   Skills:
 + Level 5.4 Fighting
 + Level 5.3 Maces & Flails
 + Level 7.1 Armour
 + Level 2.9 Dodging
 + Level 6.6 Shields
 * Level 4.4 Evocations


You had 8 spell levels left.
You didn't know any spells.
Your spell library contained the following spells:

 Spells                   Type           Power      Damage    Failure   Level
 Apportation              Tloc           0%         N/A       77%         1
 Magic Dart               Conj           0%         1d3       77%         1
 Necrotise                Necr           0%         1d4       77%         1
 Summon Small Mammal      Summ           0%         N/A       77%         1
 Searing Ray              Conj           0%         2d4       88%         2
 Call Canine Familiar     Summ           0%         N/A       98%         3
 Portal Projectile        Hex/Tloc       0%         N/A       98%         3
 Fulminant Prism          Conj/Hex       0%         3d5       100%        4
 Leda's Liquefaction      Hex/Erth       0%         N/A       100%        4


Dungeon Overview and Level Annotations

Branches:
Dungeon (9/15)
 Temple: D:4-7         Lair: D:8-11         Orc: D:9-12

Altars:
Ashenzari
Cheibriados
Hepliaklqana
Makhleb
Ru
Sif Muna

Shops:
D:9 =

Annotations:
D:4 Eustachio
D:5 3 runed translucent doors, mopl's ghost, novice HOTm


Innate Abilities, Weirdness & Mutations

You are completely covered in rugged brown scales. (AC +3, +7% HP)
Armour fits poorly on your strangely shaped body.
You have a long armoured tail.
You roll when moving toward enemies. (Rampage)
Your long tongue fully drains potion bottles. (2x potion effects)
Your tongue gives you trouble enunciating. (1.5x scroll delay)


Message History

* * * LOW HITPOINT WARNING * * *
The yak gores you but does no damage.
You barely miss the yak.
The yak is lightly wounded.
You block the gnoll's attack.
You hit the yak but do no damage.
The yak is lightly wounded.
You block the yak's attack. x2; The yak gores you but does no damage.
You closely miss the yak.
The yak is lightly wounded.
You block the gnoll's attack.
The yak gores you but does no damage. x2
The yak gores you.
* * * LOW HITPOINT WARNING * * *
You feel very mighty all of a sudden.
You slurp down every last drop of the potion of might!
The gnoll hits you from afar with a +0 spear.
* * * LOW HITPOINT WARNING * * *
You block the yak's attack. The yak gores you.
* * * LOW HITPOINT WARNING * * *
You block the yak's attack.
It was a potion of cancellation.
Your magical effects are unravelling.
You feel magically purged.
You slurp down every last drop of the potion of cancellation!
You feel less wooden.
The +0 chain mail "Naomal" {Str+4 Int+4} unmelds from your body.
You feel a little less mighty now.
Your hearing returns.
You block the gnoll's attack. The yak barely misses you.
You block the yak's attack. The yak gores you but does no damage.
As you slowly read the scroll labelled TEATUM ZOUKUITH, it crumbles to dust.
The creatures around you are filled with an inner flame!
It was a scroll of immolation.
You block the gnoll's attack. You block the yak's attack.
The yak barely misses you. The yak gores you but does no damage.
The gnoll hits you from afar with a +0 spear.
* * * LOW HITPOINT WARNING * * *
The yak gores you.
* * * LOW HITPOINT WARNING * * *
The yak gores you!
You die...

#g#...... #.. ##
#o)...... ### ...
#o##..... # ....
#.g...... #### .....
#.##.!... #...
.../..#######g# ######.##
...........go.#######...#
........Y†)#.#.....#..###
........Y@.#.#.....#.##
....!...Y..#.........#
...........##......###
.(......#..##......#
.########.8###.....# #..#
#.....# #8.# #.....# 8⌠.#
#######


You could see 3 yaks, 2 gnolls and an orc.

Vanquished Creatures
  Sigmund (D:3)
  A yak (D:7)
  Menkaure (D:7)
  An ice beast (D:6)
  3 black bears
  An ogre (D:6)
  A centaur (D:8)
  2 phantoms
  A kobold brigand (D:7)
  Blork the orc (D:6)
  A gnoll sergeant (D:5)
  A bullfrog (D:7)
  2 scorpions
  A wight (D:9)
  A howler monkey (D:3)
  A jelly (D:7)
  A gnoll bouda (D:7)
  An orc priest (D:8)
  2 hounds
  5 iguanas
  4 orc wizards
  7 adders
  4 gnolls
  2 white imps
  An ufetubus (D:5)
  A worm (D:3)
  3 dart slugs
  18 orcs
  6 ball pythons
  14 bats
  6 endoplasms
  2 giant cockroaches
  13 goblins
  4 hobgoblins
  4 jackals (D:5)
  6 kobolds
  2 quokkas
  4 frilled lizards
  4 rats
134 creatures vanquished.

Vanquished Creatures (collateral kills)
  Grinder (D:5)
1 creature vanquished.

Grand Total: 135 creatures vanquished

Notes
Turn   | Place    | Note
-------+----------+-------------------------------------------
     0 | D:1      | seren the Armataur Fighter began the quest for the Orb.
     0 | D:1      | Reached XP level 1. HP: 19/19 MP: 1/1
    90 | D:1      | Found a faded altar of an unknown god.
   129 | D:1      | Reached XP level 2. HP: 22/26 MP: 2/2
   451 | D:1      | Reached skill level 4 in Armour
   811 | D:2      | Reached XP level 3. HP: 28/33 MP: 3/3
  1316 | D:2      | Reached XP level 4. HP: 34/40 MP: 4/4
  1856 | D:3      | Reached XP level 5. HP: 48/48 MP: 5/5
  2085 | D:3      | Noticed Sigmund
  2098 | D:3      | Killed Sigmund
  2099 | D:3      | Reached skill level 5 in Armour
  2099 | D:3      | Reached XP level 6. HP: 50/55 MP: 6/6
  2392 | D:4      | Noticed Eustachio
  2451 | D:4      | Found a broken altar of Ashenzari.
  2480 | D:4      | Found a shimmering blue altar of Sif Muna.
  2898 | D:4      | Identified the -2 pair of boots "Jayrexa" {rElec Will+
                  | Str+5 Dex+3}
  2937 | D:5      | Entered Level 5 of the Dungeon
  2955 | D:5      | Reached skill level 5 in Shields
  3066 | D:5      | Noticed Grinder
  3110 | D:5      | Reached skill level 1 in Dodging
  3114 | D:5      | Killed Grinder
  3115 | D:5      | Reached XP level 7. HP: 49/64 MP: 7/7
  3366 | D:5      | Noticed mopl's ghost (novice HOTm)
  3367 | D:5      | Found a runed translucent gate.
  3368 | D:5      | Found a runed translucent gate.
  3368 | D:5      | Found a runed translucent gate.
  3389 | D:5      | Reached skill level 6 in Armour
  3790 | D:5      | Found a sacrificial altar of Ru.
  3804 | D:5      | Reached skill level 1 in Evocations
  4011 | D:5      | Reached XP level 8. HP: 59/71 MP: 8/8
  4935 | D:6      | Found a snail-covered altar of Cheibriados.
  4976 | D:6      | Noticed Blork the orc
  4998 | D:6      | Killed Blork the orc
  4999 | D:6      | Reached skill level 5 in Fighting
  5065 | D:6      | Found a hazy altar of Hepliaklqana.
  5154 | D:6      | You fall into a shaft and drop 3 floors!
  5160 | D:9      | Identified the +0 chain mail "Naomal" {Str+4 Int+4}
  5182 | D:9      | Found Tinylu's Jewellery Emporium.
  5281 | D:9      | Found a burning altar of Makhleb.
  5366 | D:8      | Reached skill level 5 in Maces & Flails
  5522 | D:7      | Noticed Menkaure
  5532 | D:7      | Killed Menkaure
  5759 | D:7      | Reached skill level 7 in Armour
  5759 | D:7      | Reached XP level 9. HP: 76/79 MP: 9/9
  6043 | D:7      | Slain by a yak

Illustrated notes

Levels and vault maps discovered:
D:1:      tarquinn_simple_flora_water_f, layout_basic, basic_ecumenical_altar,
          corexii_leaking_fountain, fountainhead
D:2:      layout_basic
D:3:      layout_rooms, roderic_batcave, corexii_corridor_pit, uniq_sigmund
D:4:      layout_cave_pools, nicolae_ashenzari_skybound,
          mainiacjoe_overflow_paths, uniq_eustachio
D:5:      layout_layer_cave, nicolae_ru_great_annihilating_truth,
          ebering_ghost_rock_garden, minmay_misc_feat_tiny, uniq_grinder
D:6:      layout_gridville, mainiacjoe_overflow_small_starburst,
          mainiacjoe_overflow_concentric_impassable, uniq_blork_the_orc,
          uniq_prince_ribbit1
D:7:      kb_forest_paths, layout_basic, minmay_temple_entry_drinking_statues,
          enter_ossuary_4, chequers_decorated_corner, uniq_menkaure
D:8:      layout_loops_ring, minivault_12
D:9:      layout_roguey, lightli_temple_of_fire, serial_shops,
          nicolae_shop_trees, uniq_erolcha, uniq_pikel

Skill      XL: |  1  2  3  4  5  6  7  8  9 |
---------------+----------------------------+-----
Maces & Flails | 2 3 4 5 |  5.3
Fighting       | 3 4 5 |  5.4
Armour         | 4 5 6 7 |  7.1
Shields        | 4 5 6 |  6.6
Dodging        | 1 2 |  2.9
Evocations     | 1 3 4 |  4.4

Action                     |  1- 3 |  4- 6 |  7- 9 || total
---------------------------+-------+-------+-------++-------
  Melee: Flail             |    76 |    51 |       ||   127
         Tailslap          |     8 |    14 |    35 ||    57
         Mace              |    48 |   110 |       ||   158
         Whip              |       |    10 |   246 ||   256
  Evoke: Wand              |       |       |     4 ||     4
    Use: Scroll            |       |     8 |    11 ||    19
         Potion            |       |     2 |     6 ||     8
 Armour: Scale mail        |    67 |    73 |       ||   140
         Chain mail        |       |    48 |    82 ||   130
         Skin              |       |       |    50 ||    50
  Dodge: Dodged            |    54 |    81 |    53 ||   188
  Block: Buckler           |    22 |    60 |   124 ||   206
         Reflection        |       |       |     6 ||     6
